 Dungeon Crawl Stone Soup version 0.22-a0-467-g5c5de1c (webtiles) character file.

7166 HyperPerson7 the Arsonist (level 10, -1/75 HPs)
             Began as a Deep Elf Fire Elementalist on June 10, 2018.
             Was a Believer of Vehumet.
             Incinerated by kirsanium's ghost (3 damage)
             ... with a sticky flame
             ... on level 10 of the Dungeon.
             The game lasted 00:34:35 (13363 turns).

HyperPerson7 the Arsonist (DEFE)                   Turns: 13363, Time: 00:34:35

Health: -1/75      AC: 25    Str:  5    XL:     10   Next: 86%
Magic:  4/25       EV:  2    Int: 29    God:    Vehumet [**....]
Gold:   416        SH:  0    Dex: 15    Spells: 14/27 levels left

rFire    . . .     SeeInvis .   w - +2 dagger (venom)
rCold    . . .     Gourm    .   (no shield)
rNeg     + + +     Faith    .   (armour currently unavailable)
rPois    +         Spirit   .   (helmet currently unavailable)
rElec    .         Reflect  .   (cloak currently unavailable)
rCorr    .         Harm     .   (gloves currently unavailable)
MR       +....     NoTele   +   (boots currently unavailable)
Stlth    ++........             H - amulet of regeneration
HPRegen  0.62/turn              E - +3 ring of evasion
MPRegen  0.19/turn              D - ring of positive energy

@: brilliant, lethally poisoned (-1 -> -9), liquid flames, tree-form, glowing
A: no striking features
a: Renounce Religion


You were on level 10 of the Dungeon.
You worshipped Vehumet.
Vehumet was pleased with you.
You were hungry.
You were a tree.
You visited 2 branches of the dungeon, and saw 11 of its levels.

You collected 545 gold pieces.
You spent 129 gold pieces at shops.

Inventory:

Hand Weapons
 b - a +0 hunting sling
 c - a +3 short sword of electrocution
 m - a +3 trident of venom
 n - a +0 blowgun
 w - a +2 dagger of venom (weapon)
Missiles
 g - 90 sling bullets
 o - 275 stones
 y - 5 javelins (quivered)
 A - 5 curare-tipped needles
 N - a throwing net {!f}
Armour
 a - a +0 robe (melded)
 j - a +1 helmet (melded)
 u - a +1 cloak (melded)
 C - a +1 pair of gloves (melded)
Jewellery
 i - the ring of the Cockatrice {Str+3 Int+5, unknown}
   (You found it on level 9 of the Dungeon)

   [ring of strength]

   It affects your strength (+3).
   It affects your intelligence (+5).
 D - a ring of positive energy (right branch)
 E - a +3 ring of evasion (left branch)
 H - an amulet of regeneration (around neck)
 O - an uncursed amulet of guardian spirit {unknown}
Wands
 p - a wand of digging (57)
 F - a wand of random effects (7)
 J - a wand of clouds (4)
 L - a wand of polymorph (14)
Scrolls
 d - 3 scrolls of enchant weapon
 k - 2 scrolls of fog
 q - 2 scrolls of amnesia
 r - 9 scrolls of remove curse
 t - 2 scrolls of teleportation
 x - a scroll of blinking {unknown}
 z - a scroll of enchant armour
 K - a scroll of holy word {unknown}
Potions
 l - 2 potions of cancellation
 s - 3 potions of might
 B - a potion of haste
 G - 2 potions of agility
 I - a potion of flight
Miscellaneous
 M - a sack of spiders
Comestibles
 e - 24 rations
 P - 6 chunks of flesh


   Skills:
 - Level 2.4 Dodging
 + Level 9.2 Stealth
 + Level 9.4 Spellcasting
 * Level 10.6 Conjurations
 + Level 11.0 Fire Magic
 + Level 0.1 Evocations


You had 14 spell levels left.
You knew the following spells:

 Your Spells              Type           Power        Failure   Level  Hunger
a - Flame Tongue          Conj/Fire      #####        1%          1    None
e - Conjure Flame         Conj/Fire      #######.     1%          3    None
f - Sticky Flame          Conj/Fire      #######.     1%          4    None
s - Fireball              Conj/Fire      #######...   1%          5    ####...

Your spell library contained the following spells:

 Spells                   Type           Power        Failure   Level  Hunger
 Throw Flame              Conj/Fire      ######       1%          2    None
 Inner Flame              Hex/Fire       ######..     1%          3    None


Dungeon Overview and Level Annotations

Branches:
Dungeon (10/15)            Temple (1/1) D:6            Lair (0/6) D:8
    Orc: D:9-12

Altars:
Ashenzari
Cheibriados
Elyvilon
Fedhas
Gozag
Hepliaklqana
Kikubaaqudgha
Makhleb
Nemelex Xobeh
Okawaru
Qazlal
Ru
Sif Muna
Trog
Vehumet
Wu Jian
Xom
Yredelemnul
Zin
The Shining One

Shops:
D:5 *   D:6 (

Annotations:
D:4 OnekoMk1's ghost, novice DEIE
D:8 ring, id scroll behind cold clouds vault
D:9 Gastronok
D:10 kirsanium's ghost, journeyman DEFE


Message History

Your +1 pair of gloves melds into your body.
Your +0 robe melds into your body.
Your roots penetrate the ground.
You are covered in liquid flames!
* * * LOW HITPOINT WARNING * * *
* * * LOW HITPOINT WARNING * * *
You feel sick. Kirsanium's ghost casts a spell at you.
The flame tongue hits you!
It was a potion of brilliance.
You feel clever all of a sudden.
You are covered in liquid flames!
* * * LOW HITPOINT WARNING * * *
* * * LOW HITPOINT WARNING * * *
You feel sick.
Kirsanium's ghost hits you but does no damage.
Unknown command.
You hit kirsanium's ghost but do no damage.
Kirsanium's ghost is almost destroyed.
You are covered in liquid flames!
You die...

###################
.........).)).....W
#########§###########
#.....♣W§§§......
#.#######§####### #.#
#.# #.####.### #.#
..........# #.#
.#......#.# #.#
########.# #.# #.##
#.# .#####..#


You could see kirsanium's ghost.

Vanquished Creatures
  A two-headed ogre (D:9)
  A tengu warrior (D:8)
  Pikel (D:6)
  Psyche (D:9)
  A tengu conjurer (D:8)
  A hornet (D:7)
  A hippogriff (D:8)
  The ghost of nikopol the Magician, an amateur DEFE (D:5)
  Sigmund (D:6)
  Eustachio (D:6)
  A human (D:8)
  3 yaks (D:8)
  4 hogs (D:8)
  A hungry ghost (D:10)
  A water moccasin (D:9)
  2 orc warriors
  A sky beast (D:5)
  A black bear (D:7)
  An ice beast (D:7)
  A necrophage (D:8)
  A phantom (D:5)
  A centaur (D:8)
  An eye of draining (D:9)
  3 ogres
  The ghost of Scuka the Ruffian, an amateur DrTm (D:3)
  A big kobold (D:8)
  A bullfrog (D:6)
  A wyvern zombie (D:9)
  A scorpion (D:8)
  4 howler monkeys
  2 centaur zombies
  A crimson imp (D:9)
  4 orc priests
  A jelly (D:6)
  5 orc wizards
  A gnoll shaman (D:7)
  2 hounds (D:5)
  Natasha (thrice) (D:2)
  3 iguanas
  11 worker ants
  Robin (D:2)
  A hound skeleton (D:8)
  A worker ant zombie (D:8)
  18 gnolls
  9 adders
  A shadow imp (D:8)
  An ooze (D:1)
  A worm (D:2)
  A dart slug (D:4)
  4 leopard geckos
  21 orcs
  10 bats
  6 giant cockroaches
  12 goblins
  5 hobgoblins
  9 jackals
  4 quokkas
  6 frilled lizards
  2 jackal skeletons (D:4)
  9 kobolds
  A leopard gecko skeleton (D:9)
  5 rats
202 creatures vanquished.

Vanquished Creatures (others)
  An adder (D:6)
  2 gnolls (D:6)
  An orc (D:6)
  A fungus (D:8)
5 creatures vanquished.

Grand Total: 207 creatures vanquished

Notes
Turn   | Place    | Note
-------+----------+-------------------------------------------
     0 | D:1      | HyperPerson7 the Deep Elf Fire Elementalist began the quest for the Orb.
     0 | D:1      | Reached XP level 1. HP: 10/10 MP: 6/6
   225 | D:1      | Reached XP level 2. HP: 10/15 MP: 1/8
   877 | D:1      | Found a shimmering altar of Xom.
   879 | D:1      | Found a shimmering altar of Xom.
   879 | D:1      | Found a burning altar of Makhleb.
   883 | D:1      | Found a sparkling altar of Nemelex Xobeh.
   883 | D:1      | Found a blossoming altar of Fedhas.
   883 | D:1      | Found an opulent altar of Gozag.
  1036 | D:2      | Noticed Natasha
  1241 | D:2      | Reached XP level 3. HP: 19/19 MP: 6/9
  1246 | D:2      | Learned a level 3 spell: Conjure Flame
  1371 | D:2      | Found a hazy altar of Hepliaklqana.
  1371 | D:2      | Found a deep blue altar of Sif Muna.
  1442 | D:2      | Noticed Robin
  1915 | D:3      | Noticed an ogre
  2051 | D:2      | Killed Natasha
  2051 | D:2      | Reached skill level 4 in Fire Magic
  2051 | D:2      | Reached XP level 4. HP: 13/24 MP: 4/11
  2328 | D:2      | Killed Robin
  2452 | D:2      | Noticed Natasha
  2465 | D:2      | Killed Natasha
  2869 | D:2      | Noticed Natasha
  2884 | D:2      | Killed Natasha
  2884 | D:2      | Reached XP level 5. HP: 26/28 MP: 0/12
  3171 | D:2      | Found a hazy altar of Hepliaklqana.
  3174 | D:2      | Found a deep blue altar of Sif Muna.
  3410 | D:3      | Killed an ogre
  3841 | D:3      | Learned a level 4 spell: Sticky Flame
  3842 | D:3      | Reached skill level 5 in Fire Magic
  3944 | D:3      | Found a shattered altar of Ashenzari.
  3956 | D:3      | Found a burning altar of Makhleb.
  4082 | D:3      | Noticed Scuka's ghost (amateur DrTm)
  4102 | D:3      | Killed Scuka's ghost
  4102 | D:3      | Reached XP level 6. HP: 32/32 MP: 0/14
  5345 | D:4      | Noticed OnekoMk1's ghost (novice DEIE)
  5356 | D:4      | Noticed an ice beast
  5373 | D:4      | Noticed an ice beast
  5647 | D:4      | Reached XP level 7. HP: 36/36 MP: 8/16
  5873 | D:5      | Entered Level 5 of the Dungeon
  5875 | D:5      | Noticed nikopol's ghost (amateur DEFE)
  5884 | D:5      | Learned a level 5 spell: Fireball
  5890 | D:5      | Killed nikopol's ghost
  5890 | D:5      | Reached skill level 5 in Spellcasting
  5890 | D:5      | Reached skill level 5 in Conjurations
  5890 | D:5      | Reached skill level 6 in Fire Magic
  6031 | D:5      | Found Jayfiyxoh's Assorted Antiques.
  6036 | D:5      | Found a burning altar of Makhleb.
  6037 | D:5      | Noticed a cacodemon
  6065 | D:5      | Bought a scroll of teleportation for 93 gold pieces
  6234 | D:5      | Reached skill level 5 in Stealth
  6884 | D:6      | Reached XP level 8. HP: 41/41 MP: 14/18
  7232 | D:6      | Noticed Pikel
  7239 | D:6      | Killed Pikel
  7239 | D:6      | Reached skill level 7 in Fire Magic
  7249 | D:6      | Noticed Sigmund
  7260 | D:6      | Killed Sigmund
  7480 | D:6      | Found Iloi's Weapon Shop.
  7489 | D:6      | Bought 5 curare-tipped needles for 36 gold pieces
  7574 | D:6      | Noticed Eustachio
  7582 | D:6      | Killed Eustachio
  7582 | D:6      | Reached skill level 8 in Fire Magic
  7604 | D:6      | Reached XP level 9. HP: 45/45 MP: 12/21
  7711 | D:6      | Found a staircase to the Ecumenical Temple.
  7716 | Temple   | Entered the Ecumenical Temple
  7889 | Temple   | Became a worshipper of Vehumet
  8903 | D:7      | Reached * piety under Vehumet
  8903 | D:7      | Offered knowledge of Shock by Vehumet.
  9799 | D:7      | Reached skill level 9 in Fire Magic
 10225 | D:8      | Found a staircase to the Lair.
 10372 | D:8      | Noticed a tengu warrior
 10378 | D:8      | Killed a tengu warrior
 10378 | D:8      | Reached XP level 10. HP: 50/50 MP: 1/24
 10413 | D:8      | Reached skill level 10 in Fire Magic
 11777 | D:8      | Reached skill level 10 in Conjurations
 11872 | D:9      | Noticed a two-headed ogre
 11906 | D:9      | Killed a two-headed ogre
 12052 | D:9      | Noticed Gastronok
 12096 | D:9      | Noticed Psyche
 12100 | D:9      | Killed Psyche
 12217 | D:9      | Got a glittering bone ring
 12233 | D:9      | Offered knowledge of Freeze by Vehumet.
 12367 | D:8      | Reached ** piety under Vehumet
 13267 | D:10     | Entered Level 10 of the Dungeon
 13276 | D:10     | Reached skill level 11 in Fire Magic
 13313 | D:10     | Noticed kirsanium's ghost (journeyman DEFE)
 13362 | D:10     | HP: 2/75 [burnt (6)]
 13363 | D:10     | Incinerated by kirsanium's ghost

Vault maps used:
D:1:      onia_arrival_pyramid, doesnt_xom_only_xom
D:2:      chequers_temple_overflow_statue_of_worship, st_stairs_1, uniq_natasha,
          uniq_robin
D:3:      nicolae_overflow_hidden_temple
D:4:      first_ration
D:5:      serial_shops, shop, makhleb_altar_promises_db
D:6:      minmay_temple_entry_nine_rooms, serial_shops, shop, uniq_sigmund,
          uniq_pikel, uniq_eustachio
D:7:      minmay_misc_feat_tower
D:8:      lemuel_ice_spiral_2, dpeg_oklobed_lair, minmay_misc_feat_x,
          grunt_livestock, st_stairs_14
D:9:      uniq_gastronok, uniq_psyche
D:10:     serial_shops, shop, shop_coins, shop_statue
Temple:   eino_temple_rhombus

Skill      XL: |  1  2  3  4  5  6  7  8  9 10 |
---------------+-------------------------------+-----
Conjurations   | 2 3 4 5 7 9 10 | 10.6
Stealth        | 3 4 5 6 8 9 |  9.2
Fire Magic     | 4 5 6 8 9 11 | 11.0
Spellcasting   | 4 5 7 8 9 |  9.4
Dodging        | |  2.4
Evocations     | |  0.1

Action                   |  1- 3 |  4- 6 |  7- 9 | 10-12 || total
-------------------------+-------+-------+-------+-------++-------
Melee: Short sword       |     5 |     8 |       |    28 ||    41
       Trident           |       |     4 |       |       ||     4
       Dagger            |       |       |       |     9 ||     9
 Fire: Hunting sling     |    14 |     2 |       |       ||    16
Throw: Stone             |       |     1 |       |       ||     1
 Cast: Flame Tongue      |    39 |   111 |   204 |   139 ||   493
       Conjure Flame     |     3 |    16 |    17 |    11 ||    47
       Sticky Flame      |       |     3 |    10 |    10 ||    23
       Fireball          |       |       |     3 |     4 ||     7
Evoke: Wand              |       |       |       |     1 ||     1
  Use: Scroll            |     4 |     7 |     2 |     3 ||    16
       Potion            |     1 |       |       |     4 ||     5
 Stab: Sleeping          |       |       |       |     1 ||     1
  Eat: Chunk             |     3 |    12 |    13 |    10 ||    38
       Ration            |       |       |     1 |       ||     1
Armor: Robe              |     2 |     1 |     9 |    19 ||    31
       Skin              |       |       |       |     2 ||     2
Dodge: Dodged            |     6 |    11 |    50 |    63 ||   130

Table legend:
 A = Spawn XP
 B = Non-spawn XP
 C = Spawn XP percentage of total XP
 D = Spawn monster count
 E = Non-spawn monster count
 F = Spawn count percentage of total count
 G = Total turns spent on level
                    A         B        C        D         E        F      G
               +---------+---------+-------+---------+---------+-------+---------
         Total |       0 |   10238 |   0.0 |       0 |     202 |   0.0 | 13363
               +---------+---------+-------+---------+---------+-------+---------
           D:1 |       0 |      37 |   0.0 |       0 |      22 |   0.0 |  1261
           D:2 |       0 |     167 |   0.0 |       0 |      21 |   0.0 |  1713
           D:3 |       0 |     287 |   0.0 |       0 |      19 |   0.0 |  1512
           D:4 |       0 |     271 |   0.0 |       0 |      20 |   0.0 |  1387
           D:5 |       0 |     600 |   0.0 |       0 |       9 |   0.0 |   961
           D:6 |       0 |    1612 |   0.0 |       0 |      18 |   0.0 |  1378
           D:7 |       0 |    1149 |   0.0 |       0 |      28 |   0.0 |  1595
           D:8 |       0 |    3992 |   0.0 |       0 |      37 |   0.0 |  1815
           D:9 |       0 |    1839 |   0.0 |       0 |      21 |   0.0 |  1461
          D:10 |       0 |     284 |   0.0 |       0 |       7 |   0.0 |    96
               +---------+---------+-------+---------+---------+-------+---------
